TOP OF THE 1ST |
Omaha Storm Chasers batting - Pitching for Toledo Mud Hens : RHP Joe Bradford
|
Pitching: RHP Joe Bradford
|
|
Batting: RHB Yuichi Takata
|
0-0: Ball 1-0: Ground out 5-3 (Groundball, 5, EV 101.9 MPH)
|
Batting: RHB Bob Najar
|
0-0: Ground out U3 (Groundball, 34S, EV 80.6 MPH)
|
Batting: LHB Justin Rupert
|
0-0: Swinging Strike 0-1: Called Strike 0-2: Strikes out swinging
|
Top of the 1st over - 0 runs, 0 hits, 0 errors, 0 left on base; Omaha 0 - Toledo 0 |
BOTTOM OF THE 1ST |
Toledo Mud Hens batting - Pitching for Omaha Storm Chasers : RHP Josh Moncada
|
Pitching: RHP Josh Moncada
|
|
Batting: RHB Brady Jeleniewski
|
0-0: Ball 1-0: Ball 2-0: Foul Ball, location: 2F 2-1: Ball 3-1: Base on Balls
|
Batting: LHB Jamel Alexander
|
0-0: Called Strike 0-1: Ball 1-1: Called Strike 1-2: Ball 2-2: Ball Brady Jeleniewski steals 2nd, throwing error, E2 Brady Jeleniewski to third 3-2: Strikes out swinging
|
Batting: RHB Dave Calder
|
0-0: Called Strike 0-1: Ball 1-1: Ball 2-1: Fly out, F9 (Line Drive, 9, EV 97.5 MPH) Runner from 3rd tags up, OUT at HOME! 9-2
|
Bottom of the 1st over - 0 runs, 0 hits, 1 error, 0 left on base; Omaha 0 - Toledo 0 |
TOP OF THE 2ND |
Omaha Storm Chasers batting - Pitching for Toledo Mud Hens : RHP Joe Bradford
|
Batting: LHB Roman Downey
|
0-0: Ball 1-0: Swinging Strike 1-1: TRIPLE (Flyball, 9LD, EV 106.3 MPH)
|
Batting: RHB Mikolas Markus
|
0-0: Foul Ball, location: 2F 0-1: Swinging Strike 0-2: Ball 1-2: Foul Ball, location: 2F 1-2: DOUBLE (Flyball, 78D, EV 89.4 MPH) Roman Downey scores
|
Batting: RHB Chris Cooper
|
0-0: Called Strike 0-1: Ball 1-1: Foul Ball, location: 2F 1-2: Foul Ball, location: 2F 1-2: Ball 2-2: Ball 3-2: Base on Balls
|
Batting: RHB Nick Ogle
|
0-0: Foul Ball, location: 2F 0-1: Called Strike 0-2: Grounds into double play, 5-4-3 (Groundball, 56, EV 91.3 MPH) Mikolas Markus to third
|
Batting: RHB Joeri Plas
|
0-0: Swinging Strike 0-1: Foul Ball, location: 2F 0-2: Strikes out swinging
|
Top of the 2nd over - 1 run, 2 hits, 0 errors, 1 left on base; Omaha 1 - Toledo 0 |
BOTTOM OF THE 2ND |
Toledo Mud Hens batting - Pitching for Omaha Storm Chasers : RHP Josh Moncada
|
Batting: RHB Zach Koblinski
|
0-0: Called Strike 0-1: Ball 1-1: Fly out, F6 (Line Drive, 6, EV 70.0 MPH)
|
Batting: SHB Jamie Roberts
|
0-0: Ball 1-0: Ball 2-0: Ball 3-0: Base on Balls
|
Batting: SHB Raul Morales
|
0-0: Foul Ball, location: 2F 0-1: Ground out 5-3 (Groundball, 5D, EV 103.8 MPH) Jamie Roberts to second
|
Batting: SHB Jared Boyce
|
0-0: Foul Ball, location: 2F 0-1: Ground out 4-3 (Groundball, 34, EV 101.9 MPH)
|
Bottom of the 2nd over - 0 runs, 0 hits, 0 errors, 1 left on base; Omaha 1 - Toledo 0 |
TOP OF THE 3RD |
Omaha Storm Chasers batting - Pitching for Toledo Mud Hens : RHP Joe Bradford
|
Batting: RHB Aaron Moore
|
0-0: Ball 1-0: Called Strike 1-1: Fly out, F4 (Popup, 4D, EV 55.6 MPH)
|
Batting: RHB Yuichi Takata
|
0-0: Ground out 6-3 (Groundball, 6, EV 96.9 MPH)
|
Batting: RHB Bob Najar
|
0-0: SINGLE (Line Drive, 7S, EV 97.5 MPH)
|
Batting: LHB Justin Rupert
|
0-0: Ball 1-0: Ball 2-0: Foul Ball, location: 2F 2-1: SINGLE (Line Drive, 9LS, EV 98.1 MPH) Bob Najar to second Runner from 2nd tries for 3rd, SAFE, throw by RF made to third
|
Batting: LHB Roman Downey
|
0-0: Called Strike 0-1: SINGLE (Groundball, 4D, EV 98.8 MPH) Bob Najar scores Justin Rupert to second
|
Batting: RHB Mikolas Markus
|
0-0: Ball 1-0: Called Strike 1-1: Foul Ball, location: 2F 1-2: Ball 2-2: Foul Ball, location: 2F 2-2: SINGLE (Line Drive, 6D, EV 94.4 MPH) Justin Rupert to third Roman Downey to second
|
Batting: RHB Chris Cooper
|
0-0: Fielders Choice at 2nd, 6-4 (Groundball, 6, EV 102.5 MPH)
|
Top of the 3rd over - 1 run, 4 hits, 0 errors, 3 left on base; Omaha 2 - Toledo 0 |
BOTTOM OF THE 3RD |
Toledo Mud Hens batting - Pitching for Omaha Storm Chasers : RHP Josh Moncada
|
Batting: RHB Casey Knutson
|
0-0: Ball 1-0: Fly out, F7 (Flyball, 7, EV 94.4 MPH)
|
Batting: RHB Josh Stinnett
|
0-0: Swinging Strike 0-1: Ball 1-1: Called Strike 1-2: Ball 2-2: Ball 3-2: Strikes out swinging
|
Batting: RHB Brady Jeleniewski
|
0-0: Ball 1-0: Ball 2-0: Ground out 6-3 (Groundball, 6, EV 83.8 MPH)
|
Bottom of the 3rd over - 0 runs, 0 hits, 0 errors, 0 left on base; Omaha 2 - Toledo 0 |
TOP OF THE 4TH |
Omaha Storm Chasers batting - Pitching for Toledo Mud Hens : RHP Joe Bradford
|
Batting: RHB Nick Ogle
|
0-0: Called Strike 0-1: Ground out 6-3 (Groundball, 6, EV 79.4 MPH)
|
Batting: RHB Joeri Plas
|
0-0: Ball 1-0: Ball 2-0: Fly out, F6 (Line Drive, 6, EV 70.0 MPH)
|
Batting: RHB Aaron Moore
|
0-0: Swinging Strike 0-1: Called Strike 0-2: Strikes out swinging, 2-3 out at first.
|
Top of the 4th over - 0 runs, 0 hits, 0 errors, 0 left on base; Omaha 2 - Toledo 0 |
BOTTOM OF THE 4TH |
Toledo Mud Hens batting - Pitching for Omaha Storm Chasers : RHP Josh Moncada
|
Batting: LHB Jamel Alexander
|
0-0: Foul Ball, location: 2F 0-1: Swinging Strike 0-2: Ball 1-2: Ball 2-2: Ball 3-2: Base on Balls
|
Batting: RHB Dave Calder
|
0-0: Ball Jamel Alexander steals 2nd base 1-0: Swinging Strike 1-1: Called Strike 1-2: SINGLE (Groundball, 56S, EV 66.9 MPH) (infield hit) Jamel Alexander to third
|
Batting: RHB Zach Koblinski
|
0-0: Fielders Choice at 2nd, 4-6 (Groundball, 4, EV 90.0 MPH) Jamel Alexander scores
|
Batting: SHB Jamie Roberts
|
0-0: Called Strike 0-1: Ball 1-1: Swinging Strike 1-2: 2-RUN HOME RUN (Line Drive, 9D, EV 94.4 MPH), Distance : 371 ft
|
Batting: SHB Raul Morales
|
0-0: Called Strike 0-1: Ball 1-1: Ball 2-1: Foul Ball, location: 2F 2-2: Ground out 4-3 (Groundball, 34, EV 90.6 MPH)
|
Batting: SHB Jared Boyce
|
0-0: Ball 1-0: Called Strike 1-1: DOUBLE (Line Drive, 7LM, EV 95.6 MPH)
|
Batting: RHB Casey Knutson
|
0-0: Called Strike 0-1: Called Strike 0-2: Strikes out swinging
|
Bottom of the 4th over - 3 runs, 3 hits, 0 errors, 1 left on base; Omaha 2 - Toledo 3 |
TOP OF THE 5TH |
Omaha Storm Chasers batting - Pitching for Toledo Mud Hens : RHP Joe Bradford
|
Batting: RHB Yuichi Takata
|
0-0: Ball 1-0: Ball 2-0: Foul Ball, location: 2F 2-1: Foul Ball, location: 2F 2-2: Strikes out swinging
|
Batting: RHB Bob Najar
|
0-0: Ground out 5-3 (Groundball, 5, EV 106.9 MPH)
|
Batting: LHB Justin Rupert
|
0-0: Foul Ball, location: 2F 0-1: Foul Ball, location: 2F 0-2: Hit by Pitch
|
Batting: LHB Roman Downey
|
0-0: Called Strike 0-1: Ball 1-1: Swinging Strike 1-2: Strikes out swinging
|
Top of the 5th over - 0 runs, 0 hits, 0 errors, 1 left on base; Omaha 2 - Toledo 3 |
BOTTOM OF THE 5TH |
Toledo Mud Hens batting - Pitching for Omaha Storm Chasers : RHP Josh Moncada
|
Batting: RHB Josh Stinnett
|
0-0: Called Strike 0-1: Fly out, F8 (Flyball, 78M, EV 83.8 MPH)
|
Batting: RHB Brady Jeleniewski
|
0-0: Foul Ball, location: 2F 0-1: Swinging Strike 0-2: Ball 1-2: Ground out 1-3 (Groundball, 13S, EV 70.0 MPH)
|
Batting: LHB Jamel Alexander
|
0-0: Ball 1-0: Fly out, F9 (Line Drive, 9D, EV 91.3 MPH)
|
Bottom of the 5th over - 0 runs, 0 hits, 0 errors, 0 left on base; Omaha 2 - Toledo 3 |
TOP OF THE 6TH |
Omaha Storm Chasers batting - Pitching for Toledo Mud Hens : RHP Joe Bradford
|
Batting: RHB Mikolas Markus
|
0-0: Ball 1-0: Swinging Strike 1-1: Foul Ball, location: 2F 1-2: Ball 2-2: Foul Ball, location: 2F 2-2: Ground out 6-3 (Groundball, 6M, EV 91.3 MPH)
|
Batting: RHB Chris Cooper
|
0-0: Ball 1-0: Ball 2-0: Ball 3-0: Base on Balls
|
Batting: RHB Nick Ogle
|
0-0: Ball 1-0: Ball 2-0: Ball 3-0: Called Strike 3-1: Base on Balls Chris Cooper to second
|
Batting: RHB Joeri Plas
|
0-0: Ground out 4-3 (Groundball, 4MS, EV 69.4 MPH) Chris Cooper to third Nick Ogle to second
|
Pinch Hitting: LHB Frank Hill
|
0-0: Ball 1-0: Ball 2-0: Ball 3-0: Base on Balls
|
Pinch Hitting: LHB Sam Ogg
|
0-0: Called Strike 0-1: Ball 1-1: Called Strike 1-2: Ball 2-2: Strikes out swinging
|
Top of the 6th over - 0 runs, 0 hits, 0 errors, 3 left on base; Omaha 2 - Toledo 3 |
BOTTOM OF THE 6TH |
Toledo Mud Hens batting - Pitching for Omaha Storm Chasers : RHP Josh Moncada
|
Now at 2B: Jerry Castillo
|
|
Now at SS: Marcos Villalobos
|
|
Batting: RHB Dave Calder
|
0-0: Ball 1-0: Called Strike 1-1: DOUBLE (Flyball, 8LXD, EV 103.1 MPH)
|
Batting: RHB Zach Koblinski
|
0-0: Swinging Strike 0-1: Fly out, F8 (Flyball, 8RM, EV 97.5 MPH)
|
Batting: SHB Jamie Roberts
|
0-0: Fly out, F6 (Popup, 6M, EV 57.5 MPH)
|
Batting: SHB Raul Morales
|
0-0: Called Strike 0-1: Swinging Strike 0-2: Strikes out swinging
|
Bottom of the 6th over - 0 runs, 1 hit, 0 errors, 1 left on base; Omaha 2 - Toledo 3 |
TOP OF THE 7TH |
Omaha Storm Chasers batting - Pitching for Toledo Mud Hens : RHP Joe Bradford
|
Batting: RHB Bob Najar
|
0-0: Swinging Strike 0-1: Swinging Strike 0-2: Strikes out swinging
|
Batting: LHB Justin Rupert
|
0-0: Ball 1-0: Called Strike 1-1: Ball 2-1: Foul Ball, location: 2F 2-2: Ground out U3 (Groundball, 3, EV 102.5 MPH)
|
Pitching: RHP Isma'il bin Burhan
|
|
Batting: LHB Roman Downey
|
0-0: Ball 1-0: Swinging Strike 1-1: Foul Ball, location: 2F 1-2: Strikes out swinging
|
Top of the 7th over - 0 runs, 0 hits, 0 errors, 0 left on base; Omaha 2 - Toledo 3 |
BOTTOM OF THE 7TH |
Toledo Mud Hens batting - Pitching for Omaha Storm Chasers : RHP Josh Moncada
|
Batting: SHB Jared Boyce
|
0-0: Called Strike 0-1: Ball 1-1: Ball 2-1: Swinging Strike 2-2: Ball 3-2: Base on Balls
|
Batting: RHB Casey Knutson
|
0-0: Called Strike 0-1: Ball 1-1: Foul Ball, location: 2F 1-2: Strikes out swinging
|
Batting: RHB Josh Stinnett
|
0-0: Ball 1-0: Ball 2-0: Called Strike 2-1: Foul Ball, location: 2F 2-2: Fly out, F9 (Line Drive, 9S, EV 90.6 MPH)
|
Batting: RHB Brady Jeleniewski
|
0-0: Ball 1-0: Ball 2-0: Ball 3-0: Called Strike 3-1: Base on Balls Jared Boyce to second
|
Batting: LHB Jamel Alexander
|
0-0: Ball 1-0: Fly out, F8 (Flyball, 78D, EV 98.8 MPH)
|
Bottom of the 7th over - 0 runs, 0 hits, 0 errors, 2 left on base; Omaha 2 - Toledo 3 |
TOP OF THE 8TH |
Omaha Storm Chasers batting - Pitching for Toledo Mud Hens : RHP Isma'il bin Burhan
|
Pinch Hitting: LHB Bill Baconneck
|
0-0: Fly out, F7 (Flyball, 78M, EV 77.5 MPH)
|
Batting: RHB Chris Cooper
|
0-0: Swinging Strike 0-1: Ball 1-1: Ball 2-1: Ball 3-1: Foul Ball, location: 2F 3-2: Strikes out swinging
|
Batting: RHB Nick Ogle
|
0-0: Ball 1-0: SINGLE (Flyball, 34D, EV 96.9 MPH)
|
Pinch Hitting: LHB Sam Britt
|
0-0: Called Strike 0-1: Ball 1-1: Swinging Strike 1-2: Strikes out swinging
|
Top of the 8th over - 0 runs, 1 hit, 0 errors, 1 left on base; Omaha 2 - Toledo 3 |
BOTTOM OF THE 8TH |
Toledo Mud Hens batting - Pitching for Omaha Storm Chasers : RHP Josh Moncada
|
Pitching: RHP Sergio Quinones
|
|
Now at C: Sam Britt
|
|
Now at 3B: Jim Beaver
|
|
Batting: RHB Dave Calder
|
0-0: Ball 1-0: Called Strike 1-1: Swinging Strike 1-2: Strikes out swinging, 2-3 out at first.
|
Batting: RHB Zach Koblinski
|
0-0: Ball 1-0: Ball 2-0: Ball 3-0: Called Strike 3-1: Base on Balls
|
Batting: SHB Jamie Roberts
|
0-0: Ball 1-0: Ball 2-0: Fly out, F8 (Flyball, 8LD, EV 80.0 MPH)
|
Batting: SHB Raul Morales
|
0-0: Ball 1-0: Ball 2-0: Called Strike 2-1: Called Strike 2-2: Foul Ball, location: 2F 2-2: Foul Ball, location: 2F 2-2: Strikes out swinging
|
Bottom of the 8th over - 0 runs, 0 hits, 0 errors, 1 left on base; Omaha 2 - Toledo 3 |
TOP OF THE 9TH |
Omaha Storm Chasers batting - Pitching for Toledo Mud Hens : RHP Isma'il bin Burhan
|
Pitching: RHP Mario Napoles
|
|
Now in RF: Paul Wood
|
|
Batting: RHB Jerry Castillo
|
0-0: Called Strike 0-1: Ball 1-1: Swinging Strike 1-2: Strikes out swinging
|
Pinch Hitting: LHB Ronnie Ashley
|
0-0: Ball 1-0: Called Strike 1-1: Ball 2-1: Foul Ball, location: 2F 2-2: Foul Ball, location: 2F 2-2: Ball 3-2: Foul Ball, location: 2F 3-2: Strikes out swinging
|
Pinch Hitting: LHB Pete Hansel
|
0-0: Swinging Strike 0-1: Ball 1-1: Foul Ball, location: 2F 1-2: Foul Ball, location: 2F 1-2: Foul Ball, location: 2F 1-2: Ball 2-2: Ground out 6-3 (Groundball, P, EV 80.0 MPH)
|
Top of the 9th over - 0 runs, 0 hits, 0 errors, 0 left on base; Omaha 2 - Toledo 3 |
|